 Dungeon Crawl Stone Soup version 0.17-a0-2127-g1cb09f6 (webtiles) character file.

84842 brucemayne the Severer (level 15, -1/131 HPs)
             Began as a Demonspawn Berserker on Oct 22, 2015.
             Was an Elder of Trog.
             Slain by a merfolk
             ... wielding a +0 trident
              (17 damage)
             ... on level 4 of the Shoals.
             The game lasted 00:54:31 (9279 turns).

brucemayne the Severer (Demonspawn Berserker)       Turns: 9279, Time: 00:54:31

Health: -1/131     AC: 27    Str: 30    XL:     15   Next: 36%
Magic:  15/15      EV:  9    Int:  8    God:    Trog [****..]
Gold:   1928       SH:  0    Dex: 14    Spells: 0 memorised, 14 levels left

rFire  + . .     SeeInvis .     u - +2 battleaxe (freeze)
rCold  + . .     Clarity  +     D - +2 plate armour {MR+}
rNeg   . . .     SustAt   .     (no shield)
rPois  +         Gourm    .     j - +2 helmet of Beogh's Outrage {rPois rF+}
rElec  .         Spirit   .     t - +2 cloak
rCorr  .         Warding  .     (gloves unavailable)
rMut   .         Stasis   .     e - +0 pair of boots
MR     ++++.                    (no amulet)
Stlth  ..........               (no ring)
                                w - ring of protection from cold

@: mighty, flying, regenerating, incredibly resistant to hostile enchantments,
extremely unstealthy
A: claws 3, rugged brown scales 2, clarity, powered by pain 2, robust 1, spiny
2, spit poison 1, strong 1
a: Spit Poison, Berserk, Trog's Hand, Brothers in Arms, Burn Spellbooks,
Renounce Religion


You were on level 4 of the Shoals.
You worshipped Trog.
Trog was greatly pleased with you.
You were hungry.

You visited 4 branches of the dungeon, and saw 28 of its levels.
You also visited: Bailey and Ice Cave.

You collected 1928 gold pieces.

Inventory:

Hand Weapons
 m - a +0 executioner's axe of flaming
 u - a +2 battleaxe of freezing (weapon)
 K - a +3 battleaxe of electrocution
Missiles
 d - 7 javelins of penetration (quivered)
 q - a throwing net
Armour
 e - a +0 pair of boots (worn)
 j - the +2 helmet of Beogh's Outrage (worn) {rPois rF+}
   (You found it on level 5 of the Lair of Beasts)

   It protects you from fire.
   It protects you from poison.
 t - a +2 cloak (worn)
 D - a +2 plate armour of magic resistance (worn)
Magical Staves
 o - an uncursed staff of earth {unknown}
Jewellery
 w - a ring of protection from cold (left claw)
 E - an uncursed ring of ice
Wands
 a - a wand of fire (4)
 g - a wand of draining (0)
 s - a wand of paralysis (12)
 z - a wand of fire (6)
 F - a wand of confusion (30)
 G - a wand of disintegration (16)
Scrolls
 b - 7 scrolls of remove curse
 n - 3 scrolls of identify
Potions
 h - a potion of flight
 i - 3 potions of might
 k - a potion of agility
 p - a potion of mutation
 r - a potion of berserk rage
 A - a potion of experience {unknown}
 O - a potion of heal wounds {unknown}
Miscellaneous
 v - a stone of tremors
 I - a legendary deck of changes
Comestibles
 c - 6 bread rations
 f - 3 chunks of flesh
 l - a slice of pizza
 H - 4 meat rations
 L - 4 fruits


   Skills:
 + Level 9.5 Fighting
 - Level 20.2 Axes
 + Level 10.6 Armour
 - Level 1.7 Dodging


You had 14 spell levels left.
You didn't know any spells.

Dungeon Overview and Level Annotations

Branches:
Dungeon (12/15)              Lair (8/8) D:11         Shoals (4/4) Lair:3
  Snake (0/4) Lair:3        Slime (0/6) Lair:7          Orc (4/4) D:10
    Elf (0/3) Orc:4
 Temple: D:4-7

Altars:
Makhleb
Okawaru
Ru
Vehumet
Yredelemnul
The Shining One
Beogh
Jiyva

Shops:
D:4 %   D:10 [   Orc:1 }   Orc:4 ([(*   Shoals:1 [

Portals:
Hell: Lair:8


Innate Abilities, Weirdness & Mutations

You have claws for hands.
You are mostly covered in rugged brown scales (AC +2, +5% HP).
You sometimes gain power by taking damage.
You are robust (+10% HP).
You are mostly covered in sharp spines.
You possess an exceptional clarity of mind.
You can spit weak poison.
Your muscles are strong. (Str +2)


Message History

The merfolk hits you but does no damage.
The merfolk impaler is struck by your spines.
The merfolk impaler hits you but does no damage.
The satyr plays a frightful melody on his pipes!
The satyr radiates an aura of fear!
You resist with almost no effort. The merfolk misses you.
A merfolk aquamancer comes into view. It is wielding a rapier.
You barely miss the merfolk impaler.
The merfolk impaler is moderately wounded.
The merfolk impaler is struck by your spines.
The merfolk impaler hits you with a demon trident.
* * * LOW HITPOINT WARNING * * *
Unknown command.
Drink which item? (? for menu, Esc to quit)
Okay, then.
You barely miss the merfolk impaler.
The merfolk impaler is heavily wounded.
The merfolk hits you but does no damage.
The merfolk hits you from afar with a trident!
You die...

......≈≈≈≈≈≈≈≈≈≈≈≈≈......≈#
........≈≈≈≈≈≈≈≈≈≈≈.......#
.[........≈≈≈≈≈≈≈≈........#
.).<.....≈≈≈≈≈≈≈≈≈≈≈......##
..≈≈≈≈....≈≈≈≈≈≈≈)≈≈.......##+
....≈./#.≈≈≈≈≈≈..#.().≈≈≈≈≈...
.)<≈≈....≈≈≈≈≈≈.###..m≈≈≈≈≈...
..(≈....≈≈≈≈≈≈(.###..cm##+#
........≈≈≈≈≈(≈.@##..(#.m≈≈#
.P......≈≈≈≈≈≈≈..mmc..#m.m..#
P..P.≈≈≈≈≈≈≈≈≈≈≈..mm..#..HS.#
PPP≈P≈≈≈≈≈≈≈≈≈≈≈.##..≈#.....#
P≈P≈P≈≈≈≈≈≈≈≈≈≈..##.≈≈##.c.##
.P≈≈≈≈≈≈≈≈≈≈≈≈≈≈....≈≈m#####
.≈≈≈≈≈≈≈≈≈≈≈≈≈≈≈≈≈≈≈≈≈≈≈≈≈≈
P≈P≈≈≈≈≈≈≈≈≈≈≈≈≈≈≈≈≈≈.≈≈≈≈≈
#...≈≈≈≈≈≈≈≈≈≈≈≈≈≈≈≈≈≈≈≈≈≈≈


You could see a merfolk impaler, a satyr, a merfolk aquamancer and 3 merfolk.

Vanquished Creatures
  Rupert (Lair:4)
  The ghost of PeterLawrence the Spry, an adept MiFi of Okawaru (Shoals:4)
  Gastronok (Lair:3)
  A frost giant (IceCv)
  A merfolk javelineer (Shoals:4)
  A merfolk impaler (Shoals:1)
  5 hydras
  Harold (D:12)
  A naga warrior (Lair:3)
  A catoblepas (Lair:5)
  2 merfolk aquamancers (Shoals:4)
  A satyr (Shoals:4)
  4 ogre magi (Orc:4)
  The ghost of emiel the Cleaver, a novice MiGl of Trog (D:10)
  A death yak (Lair:8)
  Nergalle (Lair:4)
  A sun demon (Lair:8)
  4 sea snakes
  An ice statue (IceCv)
  A wizard (Lair:8)
  Pikel (D:6)
  A hill giant (D:11)
  10 harpies
  An orc knight (Bailey)
  A manticore (Shoals:3)
  2 orc sorcerers
  4 cyclopes
  4 griffons
  3 water nymphs
  8 elephants
  Maurice (Orc:2)
  3 sirens
  The ghost of Duffy the Grappler, a novice NaMo (D:5)
  6 spiny frogs
  6 orange demons (Lair:8)
  5 black mambas
  A smoke demon (Lair:8)
  4 komodo dragons
  A red devil (Lair:8)
  15 polar bears
  2 trolls
  A hellwing (Lair:8)
  4 fire drakes
  7 merfolk
  Grinder (D:5)
  13 blink frogs
  2 blue devils (Lair:8)
  15 two-headed ogres (Orc:4)
  3 snapping turtles
  3 water elementals
  6 hippogriffs
  63 yaks
  A warg (Orc:2)
  A basilisk (Lair:6)
  19 wolves
  5 water moccasins
  8 porcupines
  6 nagas (Lair:3)
  A hell hound (Lair:8)
  10 ice beasts
  A wasp (D:10)
  32 ogres
  A centaur (D:8)
  8 crocodiles
  16 orc warriors
  5 giant frogs
  A big kobold (D:10)
  5 killer bees (D:10)
  2 scorpions
  An electric eel (Lair:8)
  2 crimson imps
  A jelly (D:7)
  A giant frog skeleton (D:12)
  15 orc wizards
  Crazy Yiuf (D:7)
  11 orc priests
  4 hounds
  2 centaur skeletons
  Terence (D:3)
  3 iguanas
  2 worker ants
  31 sheep
  A hound skeleton (D:10)
  2 worker ant zombies
  6 gnolls
  40 river rats
  4 adders
  An adder zombie (D:6)
  3 giant geckos
  102 orcs
  A ball python (D:2)
  2 bats
  4 goblins
  A hobgoblin (D:3)
  7 jackals
  5 kobolds
  3 quokkas
  5 giant cockroaches
  2 giant newts
  8 fungi
  A plant (Lair:2)
624 creatures vanquished.

Vanquished Creatures (collateral kills)
  2 sea snakes (Shoals:1)
  3 harpies (Shoals:1)
  A manticore (Shoals:1)
  A griffon (Shoals:1)
  A wind drake (Shoals:4)
  2 snapping turtles (Shoals:1)
  A water elemental (Shoals:1)
  A hippogriff (Shoals:1)
12 creatures vanquished.

Vanquished Creatures (others)
  A worm (D:2)
  3 fungi (Lair:2)
  2 plants
6 creatures vanquished.

Grand Total: 642 creatures vanquished

Notes
Turn   | Place    | Note
--------------------------------------------------------------
     0 | D:1      | brucemayne the Demonspawn Berserker began the quest for the Orb.
     0 | D:1      | Reached XP level 1. HP: 18/18 MP: 1/1
   102 | D:1      | Gained mutation: You are partially covered in rugged brown scales (AC +1, +3% HP). [demonic ancestry]
   102 | D:1      | Reached XP level 2. HP: 16/24 MP: 2/2
   241 | D:2      | Reached skill level 4 in Axes
   241 | D:2      | Reached XP level 3. HP: 8/29 MP: 3/3
   389 | D:2      | Found a glowing golden altar of the Shining One.
   394 | D:2      | Found a basalt altar of Yredelemnul.
   449 | D:3      | Noticed Terence
   464 | D:3      | Killed Terence
   464 | D:3      | Gained mutation: You are partially covered in sharp spines. [demonic ancestry]
   464 | D:3      | Reached XP level 4. HP: 26/36 MP: 4/4
   464 | D:3      | Reached ** piety under Trog
   558 | D:4      | Noticed an ogre
   563 | D:4      | Killed an ogre
   563 | D:4      | Reached skill level 5 in Axes
   563 | D:4      | Reached XP level 5. HP: 42/42 MP: 5/5
   601 | D:4      | Found Wighecac's Food Boutique.
   625 | D:5      | Entered Level 5 of the Dungeon
   625 | D:5      | Noticed Grinder
   633 | D:5      | Paralysed by Grinder for 4 turns
   643 | D:5      | Killed Grinder
   643 | D:5      | Reached skill level 6 in Axes
   643 | D:5      | Gained mutation: You have sharp fingernails. [demonic ancestry]
   643 | D:5      | Reached XP level 6. HP: 48/48 MP: 6/6
   731 | D:5      | Noticed Duffy's ghost (novice NaMo)
   736 | D:5      | Reached skill level 7 in Axes
   753 | D:5      | Killed Duffy's ghost
   753 | D:5      | Gained mutation: You have very sharp fingernails. [demonic ancestry]
   753 | D:5      | Reached XP level 7. HP: 53/53 MP: 7/7
   911 | D:7      | Found an iron altar of Okawaru.
   979 | D:5      | Noticed Pikel
   979 | D:5      | Noticed a slave
   979 | D:5      | Noticed a slave
   979 | D:5      | Noticed a slave
   979 | D:5      | Noticed a slave
  1000 | D:6      | Killed Pikel
  1000 | D:6      | Reached skill level 9 in Axes
  1000 | D:6      | Reached XP level 8. HP: 59/59 MP: 8/8
  1201 | D:6      | Found a sacrificial altar of Ru.
  1237 | D:7      | Got a bloodstained falchion
  1252 | D:7      | Noticed Crazy Yiuf
  1257 | D:7      | Killed Crazy Yiuf
  1486 | D:8      | Reached skill level 10 in Axes
  1642 | D:10     | Entered Level 10 of the Dungeon
  1666 | D:9      | Noticed a troll
  1677 | D:9      | Killed a troll
  1677 | D:9      | Gained mutation: You are mostly covered in sharp spines. [demonic ancestry]
  1677 | D:9      | Reached XP level 9. HP: 64/64 MP: 9/9
  1707 | D:10     | Found Huufujya's Antique Armour Emporium.
  1714 | D:10     | Found a staircase to the Orcish Mines.
  1777 | D:10     | Reached skill level 11 in Axes
  1819 | Orc:1    | Entered Level 1 of the Orcish Mines
  1819 | Orc:1    | Found Kynuq's Gadget Shop.
  1819 | Orc:1    | Found a flagged portal.
  1822 | Orc:1    | Found a roughly hewn altar of Beogh.
  1828 | Orc:1    | Reached *** piety under Trog
  1836 | Orc:1    | Noticed an orc sorcerer
  1842 | Orc:1    | Killed an orc sorcerer
  1929 | Bailey   | Entered a bailey
  1930 | Bailey   | Identified the +8 falchion of Wyrd {flame, +Rage rPois rF+++ Int-3} (You found it on level 7 of the Dungeon)
  1953 | Bailey   | Reached skill level 12 in Axes
  2171 | Bailey   | Noticed an orc knight
  2186 | Bailey   | Killed an orc knight
  2187 | Bailey   | Reached XP level 10. HP: 24/72 MP: 10/10
  2275 | Orc:2    | Noticed Maurice
  2370 | Orc:2    | Reached skill level 13 in Axes
  2435 | Orc:2    | Found a roughly hewn altar of Beogh.
  2587 | Orc:2    | Killed Maurice
  2704 | Orc:3    | Found a roughly hewn altar of Beogh.
  2746 | Orc:4    | Entered Level 4 of the Orcish Mines
  2792 | Orc:3    | Reached **** piety under Trog
  3183 | Orc:4    | Noticed a cyclops
  3192 | Orc:4    | Reached skill level 14 in Axes
  3203 | Orc:4    | Killed a cyclops
  3253 | Orc:4    | Noticed a cyclops
  3385 | Orc:4    | Found a staircase to the Elven Halls.
  3387 | Orc:4    | Noticed an orc sorcerer
  3399 | Orc:4    | Killed an orc sorcerer
  3469 | Orc:4    | Killed a cyclops
  3532 | Orc:4    | Found a radiant altar of Vehumet.
  3597 | Orc:4    | Gained mutation: You are mostly covered in rugged brown scales (AC +2, +5% HP). [demonic ancestry]
  3597 | Orc:4    | Reached XP level 11. HP: 57/78 MP: 11/11
  3623 | Orc:4    | Reached skill level 15 in Axes
  3807 | Orc:4    | Noticed an ogre mage
  3814 | Orc:4    | Killed an ogre mage
  3919 | Orc:4    | Noticed an ogre mage
  3936 | Orc:4    | Killed an ogre mage
  3936 | Orc:4    | Reached skill level 16 in Axes
  3975 | Orc:4    | Noticed an ogre mage
  4006 | Orc:4    | Killed an ogre mage
  4054 | Orc:4    | Noticed an ogre mage
  4071 | Orc:4    | Killed an ogre mage
  4083 | Orc:4    | Found Utzeleuc's Weapon Emporium.
  4083 | Orc:4    | Found Puvvur's Antique Weapon Shop.
  4084 | Orc:4    | Found Higepox's Armour Shop.
  4084 | Orc:4    | Found Kahoriuj's Assorted Antiques.
  4190 | D:10     | Identified a scroll of acquirement
  4296 | D:10     | Gained mutation: You sometimes gain a little power by taking damage. [demonic ancestry]
  4296 | D:10     | Reached XP level 12. HP: 78/87 MP: 12/12
  4357 | D:10     | Noticed emiel's ghost (novice MiGl)
  4388 | D:10     | Killed emiel's ghost
  4540 | D:12     | Noticed Harold
  4553 | D:12     | Killed Harold
  4553 | D:12     | Reached skill level 5 in Fighting
  4661 | D:11     | Found a staircase to the Lair.
  4677 | D:11     | Reached skill level 17 in Axes
  4741 | Lair:1   | Entered Level 1 of the Lair of Beasts
  4881 | Lair:2   | Received a gift from Trog
  4891 | Lair:2   | HP: 4/90 [poisoned by a black mamba]
  4896 | Lair:2   | HP: 2/90 [poisoned by a black mamba]
  4901 | Lair:2   | HP: 4/90 [poisoned by a black mamba]
  5065 | Lair:3   | Reached ***** piety under Trog
  5121 | Lair:4   | Noticed Nergalle
  5142 | Lair:4   | Killed Nergalle
  5194 | Lair:4   | Noticed a four-headed hydra
  5201 | Lair:4   | Killed a one-headed hydra
  5212 | Lair:4   | Reached skill level 18 in Axes
  5400 | Lair:5   | Got a steaming helmet
  5411 | Lair:5   | Identified the +2 helmet of Beogh's Outrage {rPois rF+} (You found it on level 5 of the Lair of Beasts)
  5598 | Lair:5   | Noticed a catoblepas
  5614 | Lair:5   | Killed a catoblepas
  5614 | Lair:5   | Gained mutation: You have claws for hands. [demonic ancestry]
  5614 | Lair:5   | Reached XP level 13. HP: 75/96 MP: 13/13
  5693 | Lair:5   | Found a frozen archway.
  5724 | IceCv    | Entered an ice cave
  5964 | IceCv    | Gained mutation: Your muscles are strong. (Str +2) [potion of beneficial mutation]
  5965 | IceCv    | Gained mutation: You possess an exceptional clarity of mind. [potion of beneficial mutation]
  5966 | IceCv    | Gained mutation: You can spit weak poison. [potion of beneficial mutation]
  6141 | IceCv    | Noticed a frost giant
  6159 | IceCv    | Killed a frost giant
  6364 | Lair:7   | Reached skill level 19 in Axes
  6397 | Lair:8   | Entered Level 8 of the Lair of Beasts
  6567 | Lair:7   | Found a viscous altar of Jiyva.
  6567 | Lair:7   | Found a staircase to the Slime Pits.
  6660 | Lair:7   | Reached skill level 5 in Armour
  6735 | Lair:8   | Received a gift from Trog
  6896 | Lair:8   | Gained mutation: You are robust (+10% HP). [demonic ancestry]
  6896 | Lair:8   | Reached XP level 14. HP: 75/118 MP: 14/14
  7058 | Lair:8   | Found a burning altar of Makhleb.
  7246 | Lair:8   | Found a gateway to Hell.
  7341 | Lair:8   | Received a gift from Trog
  7800 | Lair:4   | Noticed Rupert
  7814 | Lair:4   | Killed Rupert
  7814 | Lair:4   | Reached skill level 20 in Axes
  7933 | Lair:3   | Noticed Gastronok
  7940 | Lair:3   | Killed Gastronok
  8008 | Lair:3   | Found a staircase to the Shoals.
  8082 | Lair:3   | Noticed a naga warrior
  8171 | Lair:3   | Killed a naga warrior
  8228 | Lair:3   | Found a staircase to the Snake Pit.
  8288 | Shoals:1 | Entered Level 1 of the Shoals
  8422 | Shoals:1 | Found Omaedghe's Antique Armour Shop.
  8612 | Shoals:4 | Entered Level 4 of the Shoals
  8627 | Shoals:4 | Gained mutation: You sometimes gain power by taking damage. [demonic ancestry]
  8627 | Shoals:4 | Reached XP level 15. HP: 103/126 MP: 15/15
  8638 | Shoals:4 | Noticed PeterLawrence's ghost (adept MiFi)
  8758 | Shoals:3 | Reached skill level 10 in Armour
  9009 | Shoals:4 | Killed PeterLawrence's ghost
  9279 | Shoals:4 | Slain by a merfolk

Vault maps used:
D:1:      dpeg_arrival_another_circle
D:2:      grunt_temple_overflow_holy_war, fedhas_altar_1, uniq_natasha
D:3:      kennysheep_goblin_castle, lemuel_crystal_altar, uniq_terence
D:4:      minmay_temple_entry_statues_fountains, serial_shops, shop, shop,
          nicolae_shop_crystal
D:5:      gammafunk_temple_overflow_claw, first_bread, portal_sewer_entry_f,
          uniq_pikel, uniq_grinder
D:6:      nicolae_ru_sacrificial_ziggurat
D:7:      okawaru_ov_weapons_minmay, minitemple, uniq_crazy_yiuf_cottage
D:8:      special_room, uniq_prince_ribbit1
D:9:      minivault_27
D:10:     orc_0_dummy, serial_shops, shop
D:11:     david_lair_generic
D:12:     hangedman_fish_farm, serial_bayou_lagoon_a, minivault_14, uniq_harold,
          uniq_kirke
Lair:1:   bh_autumn_forest_stairs
Lair:2:   serial_bayou_shore_b
Lair:3:   beast_lair_carwin_large_1, minmay_shoals_entry_lonely_mermaid,
          minmay_snake_entry_guardpost_large, uniq_gastronok, uniq_sonja
Lair:4:   lemuel_fruit_tree, uniq_nergalle, uniq_rupert
Lair:5:   portal_ice_cave_entry_ice_beasts, grunt_megastairs_3,
          serial_bayou_shore_a, serial_bayou_shore_b
Lair:7:   slime_altar_1, grunt_megastairs_2
Lair:8:   evil_forest, infiniplex_staircase_pool, uniq_maud
Shoals:1: serial_shops, nicolae_shop_behind_doors,
          nicolae_shop_overgrown_old_shop, nicolae_shop_crystal, shop, shop
Shoals:2: serial_shops, nicolae_shop_statue_plus
Shoals:3: nicolae_shoals_circle_sea_wall, nicolae_shoals_hunting_party
Shoals:4: shoals_end_simple, shoal_ilsuiw
Orc:1:    basic_altar, serial_shops, shop, enter_bailey_2, lightli_orcish_oven
Orc:2:    lemuel_statue_altar, uniq_maurice
Orc:3:    basic_altar, nicolae_orc_pool_cavern, uniq_josephine
Orc:4:    st_orc_ogre_mass, basic_altar
Bailey:   bailey_polearm_2, bailey
IceCv:    ice_cave_small_giant

Action                   |  1- 3 |  4- 6 |  7- 9 | 10-12 | 13-15 || total
-------------------------+-------+-------+-------+-------+-------++-------
Melee: Hand axe          |    60 |    50 |   106 |       |       ||   216
       Battleaxe         |       |       |    56 |   566 |   729 ||  1351
       Executioner's axe |       |       |       |     3 |    15 ||    18
Invok: Berserk           |     5 |     2 |     5 |     9 |     9 ||    30
       Trog's Hand       |       |     1 |     7 |    33 |    36 ||    77
       Brothers in Arms  |       |       |       |       |     3 ||     3
Evoke: Wand              |       |       |    13 |       |     3 ||    16
  Use: Scroll            |       |     2 |     7 |     3 |    11 ||    23
       Potion            |       |       |     3 |     2 |     8 ||    13
 Stab: Invisible         |       |       |     1 |       |       ||     1
  Eat: Chunk             |     3 |     3 |     9 |    14 |    24 ||    53
       Pizza             |       |       |     1 |       |       ||     1
       Bread ration      |       |       |       |     2 |       ||     2
       Meat ration       |       |       |       |     1 |       ||     1
       Fruit             |       |       |       |       |     3 ||     3
       Beef jerky        |       |       |       |       |     1 ||     1
